 Dungeon Crawl Stone Soup version 0.18.1-8-gdd0e5ea (webtiles) character file.

6380 Gargoyl the Protected (level 10, -4/79 HPs)
             Began as a Demonspawn Abyssal Knight on June 9, 2016.
             Was a High Priest of Lugonu.
             Slain by a hill giant
             ... wielding a +0 giant club
              (16 damage)
             ... on level 10 of the Dungeon.
             The game lasted 00:37:43 (12224 turns).

Gargoyl the Protected (Demonspawn Abyssal Knight)  Turns: 12224, Time: 00:37:44

Health: -4/79      AC: 21    Str: 16    XL:     10   Next: 65%
Magic:  12/12      EV:  4    Int: 14    God:    Lugonu [*****.]
Gold:   329        SH: 13    Dex: 19    Spells: 0 memorised, 9 levels left

rFire  . . .     SeeInvis .     a - +1 hand axe
rCold  + + .     Gourm    .     y - +2 chain mail {rC+}
rNeg   . . .     Faith    .     c - +0 large shield
rPois  .         Spirit   .     h - +2 hat
rElec  .         Dismiss  .     (no cloak)
rCorr  .         Reflect  .     e - +2 pair of gloves {Dex+3}
SustAt .         Harm     .     d - +1 pair of boots {Fly}
MR     .....     Clarity  +     (no amulet)
Stlth  .......... Rnd*Tele +    (no ring)
                                (no ring)

@: flying, drained, not resistant to hostile enchantments, extremely unstealthy
A: talons 2, icy blue scales 3, agile 2, clarity, deformed body, low mp 1,
powered by death 1, powered by pain 2, shaggy fur 1, teleportitis 1
a: Depart the Abyss, Bend Space, Banish, Corrupt, Enter the Abyss, Renounce
Religion, Stop Flying


You were on level 10 of the Dungeon.
You worshipped Lugonu.
Lugonu was extremely pleased with you.
You were not hungry.

You visited 2 branches of the dungeon, and saw 11 of its levels.
You visited the Abyss 1 time.

You collected 329 gold pieces.

Inventory:

Hand Weapons
 a - a +1 hand axe (weapon)
Missiles
 v - 8 tomahawks (quivered)
Armour
 c - a +0 large shield (worn)
 d - a +1 pair of boots of flying (worn)
 e - a +2 pair of gloves of dexterity (worn)
 h - a +2 hat (worn)
 y - a +2 chain mail of cold resistance (worn)
Jewellery
 f - an uncursed ring of ice
 g - an uncursed ring of fire
 p - an uncursed ring of ice
Wands
 i - a wand of random effects (20/48)
 j - a wand of slowing (11/48)
 q - a wand of teleportation (8/9)
 r - a wand of polymorph (8/24)
Scrolls
 m - 2 scrolls of magic mapping
 o - 4 scrolls of remove curse
 s - a scroll of identify
 u - a scroll of fog
Potions
 k - 2 potions of curing
 n - a potion of brilliance
Comestibles
 b - 10 fruits
 l - 3 meat rations


   Skills:
 + Level 7.1(6.0) Fighting
 + Level 6.4(5.4) Axes
 + Level 0.6(0.0) Throwing
 * Level 9.9(8.7) Armour
 + Level 5.5(4.4) Dodging
 + Level 1.2(0.2) Stealth
 + Level 3.0(2.0) Shields
 + Level 5.0(3.9) Invocations


You had 9 spell levels left.
You didn't know any spells.

Dungeon Overview and Level Annotations

Branches:
Dungeon (10/15)            Temple (0/1) D:7            Lair (1/8) D:8
    Orc: D:9-12

Altars:
Cheibriados
Dithmenos
Elyvilon
Fedhas
Kikubaaqudgha
Makhleb
Okawaru
Pakellas
Qazlal
Ru
Trog
Zin

Shops:
D:8 *

Annotations:
Abyss:1 Sigmund


Innate Abilities, Weirdness & Mutations

You have razor-sharp toenails.
You are completely covered in icy blue scales (AC +4, EV -1, rC+).
You regenerate a little health from kills.
You sometimes gain power by taking damage.
You are very agile. (Dex +4)
You possess an exceptional clarity of mind.
Armour fits poorly on your strangely shaped body.
Your magical capacity is low (-10% MP).
You are covered in fur (AC +1).
You are occasionally teleported next to monsters.


Message History

You hit the hill giant.
The hill giant is heavily wounded.
The hill giant barely misses you.
You hit the hill giant.
The hill giant is heavily wounded.
The hill giant hits you with a giant club.
You hit the hill giant.
The hill giant is severely wounded.
You block the hill giant's attack.
You hit the hill giant.
The hill giant is severely wounded.
The hill giant hits you but does no damage.
Your shield and chain mail prevent you from hitting the hill giant.
The hill giant is severely wounded.
The hill giant hits you with a giant club!
* * * LOW HITPOINT WARNING * * *
You hit the hill giant.
The hill giant is severely wounded.
The hill giant hits you with a giant club!
You die...

##..## ####..#####
. #.........# ..
#.........# ...
#.........# ..(.
#.........# .....
#....>....#
......###.........#
......C@..........#
......###.........#
..... ###########
###. (. .. .


You could see a hill giant.

Vanquished Creatures
  A gargoyle (D:7)
  Prince Ribbit (D:6)
  A wyvern (D:9)
  6 humans
  A hippogriff (D:9)
  2 sky beasts
  A wasp (D:7)
  3 orc warriors
  3 black bears
  An ice beast (D:8)
  3 phantoms
  An eye of draining (D:9)
  4 centaurs
  6 ogres
  A big kobold (D:7)
  6 giant frogs
  A wyvern zombie (D:7)
  3 scorpions
  A howler monkey (D:9)
  7 crimson imps
  A giant frog zombie (D:6)
  2 jellies (D:9)
  3 giant frog skeletons
  A centaur skeleton (D:6)
  3 orc priests
  7 hounds
  8 orc wizards
  4 iguanas
  4 worker ants
  Natasha (thrice) (D:2)
  2 hound skeletons
  The ghost of schorsch312 the Conjurer, a weakling DECj (D:3)
  11 gnolls
  A worker ant zombie (D:8)
  A howler monkey skeleton (D:6)
  13 adders
  2 shadow imps
  4 white imps (D:7)
  An ooze (D:1)
  An adder zombie (D:5)
  2 adder skeletons
  5 worms
  5 dart slugs
  8 giant geckos
  33 orcs
  4 ball pythons
  10 bats
  7 giant cockroaches
  4 goblins
  5 hobgoblins
  3 jackals (D:9)
  6 quokkas
  A giant gecko zombie (D:5)
  8 giant newts
  10 kobolds
  7 rats
244 creatures vanquished.

Vanquished Creatures (others)
  2 hungry ghosts (D:8)
  An orc warrior (D:10)
  2 crimson imps
5 creatures vanquished.

Grand Total: 249 creatures vanquished

Notes
Turn   | Place    | Note
--------------------------------------------------------------
     0 | Abyss:1  | Gargoyl the Demonspawn Abyssal Knight began the quest for the Orb.
     0 | Abyss:1  | Reached XP level 1. HP: 18/18 MP: 2/2
    54 | Abyss:2  | Noticed a raiju
    55 | D:1      | Escaped the Abyss
   329 | D:1      | Reached skill level 1 in Dodging
   417 | D:1      | Gained mutation: You have sharp toenails. [demonic ancestry]
   417 | D:1      | Reached XP level 2. HP: 22/24 MP: 3/3
   670 | D:1      | Reached * piety under Lugonu
   917 | D:1      | Reached skill level 2 in Armour
   917 | D:1      | Gained mutation: You have razor-sharp toenails. [demonic ancestry]
   917 | D:1      | Reached XP level 3. HP: 25/29 MP: 4/4
  1281 | D:2      | Noticed Natasha
  1289 | D:2      | Killed Natasha
  1289 | D:2      | Gained mutation: You sometimes gain a little power by taking damage. [demonic ancestry]
  1289 | D:2      | Reached XP level 4. HP: 22/37 MP: 5/5
  1713 | D:2      | Noticed Natasha
  1721 | D:2      | Killed Natasha
  1783 | D:2      | Reached ** piety under Lugonu
  1845 | D:2      | Gained mutation: You are partially covered in icy blue scales (AC +1). [demonic ancestry]
  1845 | D:2      | Reached XP level 5. HP: 37/42 MP: 6/6
  1936 | D:2      | Noticed Natasha
  1949 | D:2      | Killed Natasha
  1949 | D:2      | Reached skill level 3 in Armour
  1976 | D:2      | Found a glowing silver altar of Zin.
  2199 | D:2      | Found a bloodstained altar of Trog.
  2200 | D:2      | Found an oddly glowing altar of Pakellas.
  2200 | D:2      | Found a blossoming altar of Fedhas.
  2200 | D:2      | Found an ancient bone altar of Kikubaaqudgha.
  2200 | D:2      | Found a sacrificial altar of Ru.
  2400 | D:3      | Found a shadowy altar of Dithmenos.
  2735 | D:3      | Noticed schorsch312's ghost (weakling DECj)
  2743 | D:3      | Killed schorsch312's ghost
  3164 | D:4      | Noticed a black bear
  3563 | D:3      | Gained mutation: You are mostly covered in icy blue scales (AC +3, EV -1). [demonic ancestry]
  3563 | D:3      | Reached XP level 6. HP: 38/48 MP: 7/7
  3643 | D:4      | Reached skill level 4 in Armour
  4345 | D:4      | Reached *** piety under Lugonu
  4345 | D:4      | Gained mutation: You regenerate a little health from kills. [demonic ancestry]
  4345 | D:4      | Reached XP level 7. HP: 51/55 MP: 8/8
  4395 | D:4      | Found an iron altar of Okawaru.
  4712 | D:5      | Entered Level 5 of the Dungeon
  4816 | D:5      | Found a snail-covered altar of Cheibriados.
  4887 | D:5      | Reached skill level 5 in Armour
  4903 | D:5      | Found a white marble altar of Elyvilon.
  4975 | D:5      | Reached skill level 1 in Stealth
  5000 | D:5      | Noticed a hungry ghost
  5151 | D:6      | Paralysed by fainting for 12 turns
  5200 | D:6      | Noticed Prince Ribbit
  5203 | D:6      | Paralysed by fainting for 6 turns
  5305 | D:6      | HP: 2/55 [Prince Ribbit (1)]
  6579 | D:6      | Reached skill level 6 in Armour
  6579 | D:6      | Gained mutation: You are completely covered in icy blue scales (AC +4, EV -1, rC+). [demonic ancestry]
  6579 | D:6      | Reached XP level 8. HP: 57/61 MP: 10/10
  6683 | D:6      | Gained mutation: You are occasionally teleported next to monsters. [mutagenic meat]
  6684 | D:6      | Gained mutation: You have claws for feet. [mutagenic meat]
  6685 | D:6      | Gained mutation: You are robust (+10% HP). [mutagenic meat]
  6686 | D:6      | Lost mutation: You are robust (+10% HP). [mutagenic meat]
  6687 | D:6      | Lost mutation: You have claws for feet. [mutagenic meat]
  6756 | D:6      | Noticed Sigmund
  6783 | D:6      | Reached skill level 5 in Fighting
  6791 | D:6      | Banished Sigmund
  7282 | D:6      | Killed Prince Ribbit
  7589 | D:5      | Reached skill level 7 in Armour
  7722 | D:5      | Gained mutation: You sometimes gain power by taking damage. [demonic ancestry]
  7722 | D:5      | Reached XP level 9. HP: 55/68 MP: 12/12
  8004 | D:6      | Reached skill level 8 in Armour
  8410 | D:7      | Reached skill level 5 in Axes
  8448 | D:7      | Reached **** piety under Lugonu
  8460 | D:7      | Identified a scroll of acquirement
  8471 | D:7      | Noticed a gargoyle
  8499 | D:7      | Killed a gargoyle
  8677 | D:7      | Found a staircase to the Ecumenical Temple.
  8703 | D:7      | Reached skill level 9 in Armour
  9051 | D:7      | Reached skill level 5 in Dodging
  9171 | D:7      | Reached ***** piety under Lugonu
  9256 | D:7      | Reached XP level 10. HP: 59/77 MP: 13/13
  9559 | D:7      | Found a burning altar of Makhleb.
  9689 | D:8      | Found a staircase to the Lair.
  9875 | D:8      | Found Orrall's General Store.
  9877 | D:8      | Found a stormy altar of Qazlal.
 10293 | Lair:1   | Entered Level 1 of the Lair of Beasts
 10402 | D:9      | Reached skill level 1 in Shields
 10428 | D:9      | HP: 3/77 [orc warrior/mace (11)]
 11371 | D:9      | Found a blossoming altar of Fedhas.
 11646 | D:9      | Reached skill level 5 in Invocations
 11852 | D:9      | Gained mutation: You are agile. (Dex +2) [mutagenic meat]
 11853 | D:9      | Gained mutation: You are very agile. (Dex +4) [mutagenic meat]
 11854 | D:9      | Gained mutation: Your magical capacity is low (-10% MP). [mutagenic meat]
 11855 | D:9      | Gained mutation: Armour fits poorly on your strangely shaped body. [mutagenic meat]
 11856 | D:9      | Gained mutation: You are covered in fur (AC +1). [mutagenic meat]
 11857 | D:9      | Gained mutation: You possess an exceptional clarity of mind. [mutagenic meat]
 12044 | D:10     | Entered Level 10 of the Dungeon
 12044 | D:10     | Noticed a green ugly thing
 12201 | D:10     | Noticed a hill giant
 12224 | D:10     | Slain by a hill giant

Skill      XL: |  1  2  3  4  5  6  7  8  9 10 |
---------------+-------------------------------+-----
Dodging        | 1 2 3 4 5 |  5.5
Axes           | 2 3 4 5 6 |  6.4
Armour         | 2 3 4 6 7 9 |  9.9
Fighting       | 4 5 6 7 |  7.1
Stealth        | 1 |  1.2
Invocations    | 3 4 5 |  5.0
Shields        | 3 |  3.0
Throwing       | |  0.6

Action                   |  1- 3 |  4- 6 |  7- 9 | 10-12 || total
-------------------------+-------+-------+-------+-------++-------
Melee: Hand axe          |    93 |   252 |   800 |   645 ||  1790
       Kick              |    10 |    67 |   167 |       ||   244
Throw: Tomahawk          |       |       |     6 |     5 ||    11
Invok: Depart the Abyss  |     1 |       |       |       ||     1
       Bend Space        |       |       |     4 |     2 ||     6
       Banish            |       |       |     4 |     5 ||     9
  Use: Scroll            |     1 |     4 |     8 |     4 ||    17
       Potion            |       |     3 |    16 |     4 ||    23
  Eat: Chunk             |     1 |    11 |    21 |    15 ||    48
       Bread ration      |       |       |     4 |       ||     4
       Fruit             |       |       |     2 |     7 ||     9
       Meat ration       |       |       |     2 |       ||     2
       Beef jerky        |       |       |     1 |       ||     1
Armor: Leather armour    |    27 |       |       |       ||    27
       Ring mail         |    24 |   153 |    19 |       ||   196
       Chain mail        |       |       |   746 |   554 ||  1300
Dodge: Dodged            |    62 |   163 |   359 |   143 ||   727
Block: Large shield      |       |       |       |   383 ||   383
